 Dungeon Crawl Stone Soup version 0.30-a0-715-gdb4ae3ece1 (webtiles) character file.

Game seed: 6975842267835469116

183 hikkokomori the Ducker (level 5, -5/41 HPs)
             Began as a Mummy Gladiator on Jan 25, 2023.
             Slain by a gnoll
             ... wielding a +0 halberd of protection
              (8 damage)
             ... on level 3 of the Dungeon.
             The game lasted 00:02:09 (1687 turns).

hikkokomori the Ducker (Mummy Gladiator)            Turns: 1687, Time: 00:02:10

Health: -5/41      AC:  8    Str: 21    XL:     5   Next: 35%
Magic:  5/5        EV: 12    Int:  7    God:
Gold:   99         SH:  0    Dex: 14    Spells: 4/4 levels left

rFire   x . .      SeeInvis .    a - +0 trident
rCold   + . .      Faith    +    (no shield)
rNeg    + + +      Spirit   .    b - +0 leather armour
rPois   ∞          Reflect  .    c - +0 helmet
rElec   .          Harm     .    (no cloak)
rCorr   .          Rampage  .    n - +3 pair of gloves of Unreason {Str+2}
Will    .....                    (no boots)
Stlth   +                        (no amulet)
HPRegen 0.26/turn                (no ring)
MPRegen 0.09/turn                (no ring)

@: no status effects
A: cold resistance 1, negative energy resistance 3, torment resistance 2, heat
vulnerability 1, in touch with death 1, no potions, faith
a: no special abilities


You were on level 3 of the Dungeon.
You visited 1 branch of the dungeon, and saw 3 of its levels.

You collected 99 gold pieces.

Inventory:

Hand Weapons
 a - a +0 trident (weapon)
Missiles
 d - 3 throwing nets (quivered)
 e - a javelin
Armour
 b - a +0 leather armour (worn)
 c - a +0 helmet (worn)
 n - the +3 pair of gloves of Unreason (worn) {Str+2}
   (You found it on level 3 of the Dungeon)

   Str:       It affects your strength (+2).
Jewellery
 m - a ring of protection from fire
Scrolls
 f - a scroll of magic mapping {unknown}
 g - 2 scrolls of enchant weapon {unknown}
 h - a scroll of fog {unknown}
 i - a scroll of teleportation {unknown}
 j - 2 scrolls of identify {unknown}
 k - 2 scrolls of vulnerability {unknown}
 l - 2 scrolls of immolation {unknown}
 o - a scroll of poison {unknown}


   Skills:
 + Level 3.2 Fighting
 + Level 3.2 Polearms
 + Level 2.6 Throwing
 + Level 3.2 Dodging


You had 4 spell levels left.
You didn't know any spells.
Your spell library was empty.

Dungeon Overview and Level Annotations

Branches:
Dungeon (3/15)

Altars:


Innate Abilities, Weirdness & Mutations

You are immune to poison.
Your flesh is cold resistant. (rC+)
You are immune to negative energy. (rN+++)
You are immune to unholy pain and torment.
You are vulnerable to heat. (rF-)
You are in touch with the powers of death.
You do not drink.
You have a special connection with the divine. (Faith)


Message History

You puncture the hobgoblin!
You kill the hobgoblin!
The gnoll closely misses you.
You closely miss the goblin. The goblin hits you but does no damage.
The gnoll hits you from afar with a +0 halberd!
The gnoll hits you from afar with a +0 halberd.
The goblin misses you.
You puncture the goblin!
You kill the goblin!
The gnoll closely misses you.
You hit the goblin.
You kill the goblin!
Reach: a) +0 trident
Press: ? - help, Dir - move target, f - Robin
Aim: Robin, wielding a +0 whip of venom, wearing a +0 animal skin and wearing a +0 helmet (about 33% to evade your +0 trident)
You reach to attack!
You barely miss Robin. You hit Robin.
Robin is moderately wounded.
The gnoll misses you. Robin hits you but does no damage.
You hit Robin.
Robin is heavily wounded.
The gnoll hits you but does no damage. Robin hits you but does no damage.
You hit Robin.
Robin is almost dead.
Robin hits you with a +0 whip of venom. The gnoll closely misses you.
You puncture Robin!
You kill Robin!
The gnoll hits you but does no damage.
The gnoll shouts!
The gnoll closely misses you. The gnoll barely misses you.
Items here: ))) †.
You closely miss the gnoll.
The gnoll hits you from afar with a +0 halberd of protection.
* * * LOW HITPOINT WARNING * * *
The gnoll hits you with a +0 halberd.
* * * LOW HITPOINT WARNING * * *
You closely miss the gnoll. The gnoll hits you with a +0 halberd.
* * * LOW HITPOINT WARNING * * *
The gnoll hits you from afar with a +0 halberd of protection!
You die...

..# ..# . # ..# .#
... #g ..###.#
....#.# #........
......)######........
....gg..).##.....#.#
...#gg.##g#).......#
.....g# #.g@.......#
#....# ###...[.>.##
####.
##.....########## #
#............<.#
#.#.#.########.#
#.#.#.########)##
#.#..............
#.###.########.##
#..........# #.#


You could see 2 gnolls.

Vanquished Creatures
  A jelly (D:3)
  Robin (D:3)
  6 adders (D:2)
  A gnoll (D:3)
  2 worms (D:2)
  A dart slug (D:2)
  3 orcs (D:3)
  2 ball pythons
  6 bats
  6 endoplasms
  5 giant cockroaches
  15 goblins
  4 hobgoblins
  2 jackals (D:3)
  2 quokkas (D:1)
  A frilled lizard (D:3)
  3 kobolds
  4 rats
65 creatures vanquished.

Notes
Turn   | Place    | Note
-------+----------+-------------------------------------------
     0 | D:1      | hikkokomori the Mummy Gladiator began the quest for the
                  | Orb.
     0 | D:1      | Reached XP level 1. HP: 16/16 MP: 1/1
   104 | D:1      | Reached XP level 2. HP: 22/22 MP: 2/2
   589 | D:2      | Gained mutation: You are in touch with the powers of death.
                  | [Mummy growth]
   589 | D:2      | Reached XP level 3. HP: 24/28 MP: 3/3
   726 | D:2      | Reached XP level 4. HP: 32/34 MP: 4/4
  1381 | D:3      | Reached XP level 5. HP: 12/41 MP: 5/5
  1502 | D:3      | Identified the +3 pair of gloves of Unreason {Str+2}
  1645 | D:3      | Noticed Robin
  1684 | D:3      | Killed Robin
  1687 | D:3      | Slain by a gnoll

Illustrated notes

Levels and vault maps discovered:
D:1:      scummos_arrival_gate, layout_basic, minmay_worlds_worst_comb
D:2:      layout_basic
D:3:      layout_loops_ring, uniq_robin

Skill      XL: |  1  2  3  4 |
---------------+-------------+-----
Throwing       | 2 |  2.6
Dodging        | 3 |  3.2
Polearms       | 3 |  3.2
Fighting       | 3 |  3.2

Action                     |  1- 3 |  4- 6 || total
---------------------------+-------+-------++-------
  Melee: Trident           |    90 |   123 ||   213
         Punch             |     2 |     1 ||     3
   Stab: Sleeping          |     1 |       ||     1
 Armour: Leather armour    |    33 |    48 ||    81
  Dodge: Dodged            |    52 |    78 ||   130

Table legend: (Time is in decaauts)
 A = Elapsed time spent in this place.
 B = Non-inter-level travel time spent in this place.
 C = Inter-level travel time spent in this place.
 D = Time resting spent in this place.
 E = Time spent auto-exploring this place.
 F = Levels seen in this place.
 G = Mean time per level.
                   A        B        C        D        E       F      G
               +--------+--------+--------+--------+--------+-----+--------+
         Total |   1720 |   1684 |     36 |     78 |   1185 |   3 |  573.3 |
       Dungeon |   1720 |   1684 |     36 |     78 |   1185 |   3 |  573.3 |
               +--------+--------+--------+--------+--------+-----+--------+

Top non-repeatable levels by time:
     D:2: 652 daAuts
     D:1: 572 daAuts
     D:3: 495 daAuts
